 Dungeon Crawl Stone Soup version 0.31-a0-344-gd109795599 (webtiles) character file.

Game seed: 12277722821068676812

69 speeeev the Trooper (level 4, -3/40 HPs)
             Began as a Hill Orc Fighter on July 21, 2023.
             Slain by a gnoll
             ... wielding a +0 halberd
              (7 damage)
             ... on level 4 of the Dungeon.
             The game lasted 00:01:21 (1340 turns).

speeeev the Trooper (Hill Orc Fighter)              Turns: 1340, Time: 00:01:22

Health: -3/40      AC:  7    Str: 20    XL:     4   Next: 20%
Magic:  4/4        EV:  9    Int:  8    God:
Gold:   54         SH:  4    Dex: 10    Spells: 3/3 levels left

rFire   . . .        a - +0 war axe
rCold   . . .        c - +0 buckler
rNeg    . . .        b - +0 scale mail
rPois   .            (no helmet)
rElec   .            (no cloak)
rCorr   .            (no gloves)
SInv    .            (no boots)
Will    .....        (no amulet) Stlth
                     (no ring)
HPRegen 0.26/turn    (no ring)
MPRegen 0.09/turn

%: no passive effects
@: mighty
A: no striking features
a: no special abilities


You were on level 4 of the Dungeon.
You visited 1 branch of the dungeon, and saw 3 of its levels.

You collected 54 gold pieces.

Inventory:

Hand Weapons
 a - a +0 war axe (weapon)
Armour
 b - a +0 scale mail (worn)
 c - a +0 buckler (worn)
Scrolls
 f - a scroll of identify {unknown}
 g - a scroll of enchant weapon {unknown}
 j - a scroll of blinking {unknown}
 k - a scroll of amnesia {unknown}
Potions
 e - 2 potions of curing {unknown}
 h - a potion of brilliance {unknown}
 i - a potion of mutation {unknown}


   Skills:
 + Level 4.3 Fighting
 + Level 3.6 Axes
 + Level 3.9 Armour
 + Level 3.9 Shields


You had 3 spell levels left.
You didn't know any spells.
Your spell library contained the following spells:

 Spells                   Type           Power      Damage    Failure   Level
 Magic Dart               Conj           0%         1d3       83%         1
 Searing Ray              Conj           0%         2d4       92%         2
 Fulminant Prism          Conj/Hex       0%         3d5       100%        4


Dungeon Overview and Level Annotations

Branches:
Dungeon (2/15)

Altars:


Message History

There is an open door here.
There is a shaft here.
A sourceless malevolence fills the Dungeon...
You fall into a shaft and drop 2 floors!
The shaft crumbles and collapses.
A gnoll comes into view. It is wielding a +0 halberd.
The gnoll shouts!
You hear a shout!
A gnoll comes into view. It is wielding a +1 spear of venom.
A gnoll comes into view. It is wielding a +1 heavy spear.
The gnoll shouts!
A gnoll comes into view. It is wielding a +0 club.
Found a book of Spectacle.
A gnoll comes into view. It is wielding a +0 club.
The gnoll shouts!
You hear a shout! x2
A gnoll comes into view. It is wielding a +0 whip.
The gnoll shouts!
The gnoll moves out of view.
A gnoll comes into view. It is wielding a +0 whip.
You slash the gnoll!
The gnoll is almost dead.
The gnoll hits you but does no damage.
You slash the gnoll!
You kill the gnoll!
The gnoll misses you.
You feel very mighty all of a sudden. You block the gnoll's attack.
The gnoll hits you with a +0 halberd!
You see here a +0 club.
You closely miss the gnoll. The gnoll barely misses you.
The gnoll hits you with a +0 halberd.
You barely miss the gnoll. The gnoll hits you with a +0 halberd.
You slash the gnoll!
The gnoll is severely wounded.
The gnoll hits you with a +0 halberd!
You hit the gnoll.
The gnoll is almost dead.
The gnoll hits you with a +0 halberd!
* * * LOW HITPOINT WARNING * * *
The gnoll hits you with a +0 halberd!
You die...

###...#...#.g......#
###.......####.###
###.#.### #g# #...#
#g# ##.## #g# .. #g#
### #g# #g# #@#
####.# #....# ######


You could see 6 gnolls.

Vanquished Creatures
  Terence (D:2)
  A gnoll (D:4)
  A dart slug (D:1)
  A ball python (D:2)
  3 endoplasms
  2 goblins (D:1)
  3 hobgoblins (D:1)
  8 jackals (D:1)
  5 frilled lizards (D:1)
  3 kobolds
  3 rats (D:1)
31 creatures vanquished.

Notes
Turn   | Place    | Note
-------+----------+-------------------------------------------
     0 | D:1      | speeeev the Hill Orc Fighter began the quest for the Orb.
     0 | D:1      | Reached XP level 1. HP: 19/19 MP: 1/1
   200 | D:1      | Reached XP level 2. HP: 18/27 MP: 2/2
   729 | D:1      | Reached skill level 4 in Fighting
   757 | D:1      | Reached XP level 3. HP: 29/33 MP: 3/3
  1021 | D:2      | Noticed Terence
  1029 | D:2      | Killed Terence
  1125 | D:2      | Reached XP level 4. HP: 40/40 MP: 4/4
  1298 | D:2      | You fall into a shaft and drop 2 floors!
  1340 | D:4      | Slain by a gnoll

Illustrated notes

Levels and vault maps discovered:
D:1:      dpeg_arrival_houses_and_road, layout_loops_corners
D:2:      layout_basic, uniq_terence
D:4:      layout_loops_ring, amcnicky_mini_pool_small, kennysheep_generic_room_2

Skill      XL: |  1  2 |
---------------+-------+-----
Axes           | 3 |  3.6
Fighting       | 4 |  4.3
Armour         | |  3.9
Shields        | |  3.9

Action                     |  1- 3 |  4- 6 || total
---------------------------+-------+-------++-------
  Melee: War axe           |    98 |    12 ||   110
    Use: Potion            |       |     1 ||     1
 Armour: Scale mail        |    40 |     6 ||    46
  Dodge: Dodged            |    47 |     4 ||    51
  Block: Buckler           |    24 |     2 ||    26

Table legend: (Time is in decaauts)
 A = Elapsed time spent in this place.
 B = Non-inter-level travel time spent in this place.
 C = Inter-level travel time spent in this place.
 D = Time resting spent in this place.
 E = Time spent auto-exploring this place.
 F = Levels seen in this place.
 G = Mean time per level.
                   A        B        C        D        E       F      G
               +--------+--------+--------+--------+--------+-----+--------+
         Total |   1379 |   1376 |      3 |      0 |   1123 |   3 |  459.7 |
       Dungeon |   1379 |   1376 |      3 |      0 |   1123 |   3 |  459.7 |
               +--------+--------+--------+--------+--------+-----+--------+

Top non-repeatable levels by time:
     D:1: 1049 daAuts
     D:2: 286 daAuts
     D:4: 43 daAuts
